 Dungeon Crawl Stone Soup version 0.29.1-15-g9cfb28693d (webtiles) character file.

Game seed: 18291534790230325739

24 Peloso the Shield-Bearer (level 2, -9/25 (27) HPs)
             Began as a Minotaur Fighter on Apr 18, 2023.
             Killed by nerve-wracking pain
             ... invoked by an orc priest
              (11 damage)
             ... on level 4 of the Dungeon.
             The game lasted 00:02:04 (900 turns).

Peloso the Shield-Bearer (Minotaur Fighter)          Turns: 900, Time: 00:02:05

HP:   -9/25 (27)    AC:  8    Str: 20    XL:     2   Next: 79%
MP:   1/1           EV:  9    Int:  5    God:
Gold: 29            SH:  4    Dex:  9    Spells: 1/1 levels left

rFire   . . .      SeeInvis .   a - +0 long sword
rCold   . . .      Faith    .   d - +0 buckler
rNeg    . . .      Spirit   .   b - +1 scale mail
rPois   .          Reflect  .   (helmet restricted)
rElec   .          Harm     .   (no cloak)
rCorr   .          Rampage  .   (no gloves)
Will    .....                   (no boots)
Stlth   ..........              (no amulet)
HPRegen 0.08/turn               (no ring)
MPRegen 0.07/turn               (no ring)

@: mighty, drained
A: horns 2, retaliatory headbutt
a: no special abilities


You were on level 4 of the Dungeon.
You visited 1 branch of the dungeon, and saw 3 of its levels.

You collected 29 gold pieces.

Inventory:

Hand Weapons
 a - a +0 long sword (weapon)
 c - a +0 sling
Armour
 b - a +1 scale mail (worn)
 d - a +0 buckler (worn)
Jewellery
 h - a ring of ice
Scrolls
 g - a scroll of enchant armour
 j - a scroll of teleportation


   Skills:
 + Level 3.9 Fighting
 + Level 3.1 Long Blades
 + Level 3.8 Armour
 + Level 4.0 Shields


You had one spell level left.
You didn't know any spells.
Your spell library was empty.

Dungeon Overview and Level Annotations

Branches:
Dungeon (2/15)

Altars:
Sif Muna


Innate Abilities, Weirdness & Mutations

You have a pair of horns on your head.
You reflexively headbutt those who attack you in melee.


Message History

You hit the hobgoblin.
You kill the hobgoblin!
You open the door.
There is an open door here.
You open the door.
There is an open door here.
An orc comes into view. It is wielding a +0 hand axe.
The orc shouts!
You hear a shout!
Found a shimmering blue altar of Sif Muna.
An orc comes into view. It is wielding a +0 hand axe.
The orc moves out of view.
An orc comes into view. It is wielding a +0 trident.
The orc shouts!
An orc priest comes into view. It is wielding a +0 dagger.
An orc wizard comes into view. It is wielding a +0 dagger.
The orc wizard shouts!
The orc priest shouts!
The orc priest mumbles some strange prayers to Beogh against you.
Pain shoots through your body!
The orc priest looks encouraged for a moment.
You feel very mighty all of a sudden. The orc barely misses you.
The orc priest looks braver for a moment.
The orc hits you but does no damage.
You barely miss the orc. The orc hits you with a +0 trident.
The orc closely misses you.
The orc priest looks satisfied for a moment.
You hit the orc.
The orc is severely wounded.
You block the orc's attack.
You slash the orc!
You kill the orc!
You slash the orc priest! Your headbutt misses the orc priest.
The orc priest is almost dead.
The orc priest mumbles some strange prayers to Beogh against you.
Beogh smites you!
Ouch! That really hurt!
* * * LOW HITPOINT WARNING * * *
The orc priest mumbles some strange prayers to Beogh against you.
Pain shoots through your body!
You die...

............ #...§≈.#
............ #....§§#
...)........ #....≈.#._.
##+####+#####+###...§§.....
#................###.≈.####
#................# .§.....
#................# §§≈≈≈§≈
#................# §.§....
#...............@# #.....
.################oo........
.# o...... .. .# ....... .#
....... .# ....... ##
#######


You could see an orc priest, an orc wizard and an orc.

Vanquished Creatures
  An orc (D:4)
  3 endoplasms (D:1)
  A goblin (D:1)
  3 hobgoblins
  3 kobolds
  2 quokkas (D:1)
  3 ball pythons (D:1)
  4 frilled lizards (D:1)
  2 rats (D:1)
22 creatures vanquished.

Notes
Turn   | Place    | Note
-------+----------+-------------------------------------------
     0 | D:1      | Peloso the Minotaur Fighter began the quest for the Orb.
     0 | D:1      | Reached XP level 1. HP: 19/19 MP: 0/0
   341 | D:1      | Reached XP level 2. HP: 27/27 MP: 1/1
   662 | D:1      | Reached skill level 4 in Shields
   810 | D:2      | You fall into a shaft and drop 2 floors!
   883 | D:4      | Found a shimmering blue altar of Sif Muna.
   900 | D:4      | Killed from afar by an orc priest

Illustrated notes

Levels and vault maps discovered:
D:1:      wander_arrival_peaceful_grave, layout_loops_ring
D:2:      layout_basic
D:4:      layout_gridville, mainiacjoe_overflow_brackets,
          minmay_temple_entry_waves

Skill      XL: |  1  2 |
---------------+-------+-----
Long Blades    | 3 |  3.1
Shields        | 4 |  4.0
Fighting       | |  3.9
Armour         | |  3.8

Action                   || total
-------------------------++-------
Melee: Long sword        ||    49
       Headbutt          ||     4
  Use: Scroll            ||     2
       Potion            ||     2
Armor: Scale mail        ||    18
Dodge: Dodged            ||    23
Block: Buckler           ||    12
